 Dungeon Crawl Stone Soup version 0.25.1-8-g42b30a86e7 (webtiles) character file.

Game seed: 13107331456458096915

15612 hawla the Severer (level 12, -26/108 HPs)
             Began as a Minotaur Gladiator on Dec 10, 2020.
             Was an Initiate of Gozag.
             Killed from afar by a blizzard demon (39 damage)
             ... with a bolt of lightning
             ... in a Gauntlet.
             The game lasted 00:38:20 (16152 turns).

hawla the Severer (Minotaur Gladiator)             Turns: 16152, Time: 00:38:21

Health: -26/108    AC: 12    Str: 20    XL:     12   Next: 2%
Magic:  15/15      EV:  9    Int:  7    God:    Gozag
Gold:   828        SH:  5    Dex: 17    Spells: 13/16 levels left

rFire    . . .     SeeInvis .   a - +0 war axe
rCold    . . .     Gourm    .   (no shield)
rNeg     + + .     Faith    .   w - +0 plate armour
rPois    .         Spirit   .   c - +0 hat
rElec    .         Reflect  +   B - scarf {repulsion}
rCorr    +         Harm     .   (no gloves)
MR       .....     NoTele   +   (no boots)
Stlth    ..........             H - amulet "Uddunwim" {Reflect rN+ Str-3 Int+2 Dex+4 SH+5}
HPRegen  0.28/turn              z - ring of positive energy
MPRegen  0.14/turn              G - ring of resist corrosion

@: lightly drained, repel missiles
A: retaliatory headbutt, horns 2
a: Potion Petition, Call Merchant, Bribe Branch, Renounce Religion


You were in a Gauntlet.
You worshipped Gozag.
Gozag was pleased with you.
You were not hungry.

You visited 2 branches of the dungeon, and saw 13 of its levels.
You also visited: Gauntlet.

You collected 2126 gold pieces.
You spent 1234 gold pieces at shops.
You paid 64 gold pieces to Gozag.

Inventory:

Hand Weapons
 a - a +0 war axe (weapon)
Missiles
 d - 3 throwing nets
 e - 69 poisoned darts (quivered)
 q - 25 boomerangs
 L - 3 javelins
Armour
 c - a +0 hat (worn)
 i - a +1 cloak
 w - a +0 plate armour (worn)
 B - a scarf of repulsion (worn)
 C - +0 steam dragon scales
Jewellery
 g - an uncursed amulet of reflection
 m - an uncursed amulet of magic regeneration
 n - an uncursed ring of flight
 t - an uncursed ring of poison resistance
 z - a ring of positive energy (left hand)
 G - a ring of resist corrosion (right hand)
 H - the amulet "Uddunwim" (around neck) {Reflect rN+ Str-3 Int+2 Dex+4 SH+5}
   (You bought it in a shop on level 9 of the Dungeon)

   [amulet of reflection]

   It shields you and reflects attacks.
   It affects your strength (-3).
   It affects your intelligence (+2).
   It affects your dexterity (+4).
   It protects you from negative energy.
   It affects your SH (+5).
 J - an uncursed ring of protection from fire
 K - an uncursed amulet of the acrobat
Wands
 p - a wand of enslavement (4)
 u - a wand of flame (27)
 A - a wand of random effects (18)
 I - a wand of paralysis (24)
Scrolls
 h - 3 scrolls of identify
 j - 5 scrolls of remove curse
 k - a scroll of fog
 l - 7 scrolls of fear
 v - a scroll of blinking
 x - 2 scrolls of teleportation
 y - a scroll of enchant weapon
 D - a scroll of enchant armour
Potions
 b - a potion of brilliance
 o - 2 potions of magic
 r - a potion of flight
 F - 4 potions of haste
Miscellaneous
 s - a phial of floods
Comestibles
 f - 32 rations


   Skills:
 * Level 10.8(10.7) Fighting
 - Level 16.0(15.9) Axes
 - Level 2.0(1.9) Throwing
 - Level 5.0 Armour
 - Level 6.8(6.7) Dodging
 + Level 2.9 Spellcasting
 + Level 4.6 Translocations
 - Level 2.4 Evocations


You had 13 spell levels left.
You knew the following spells:

 Your Spells              Type           Power        Failure   Level  Hunger
a - Blink                 Tloc           N/A          90%         2    ###....
b - Apportation           Tloc           #.....       80%         1    ##.....

Your spell library contained the following spells:

 Spells                   Type           Power        Failure   Level  Hunger
 Animate Skeleton         Necr           N/A          100%        1    ##.....
 Corona                   Hex            #......      100%        1    ##.....
 Magic Dart               Conj           #...         100%        1    ##.....
 Summon Small Mammal      Summ           #...         100%        1    ##.....
 Call Imp                 Summ           #.......     100%        2    ###....
 Searing Ray              Conj           #.....       100%        2    ###....
 Slow                     Hex            #.......     100%        2    ###....
 Conjure Flame            Conj/Fire      #.......     100%        3    ####...
 Dazzling Flash           Conj/Hex       #.....       100%        3    ####...
 Mephitic Cloud           Conj/Pois/Air  #.......     100%        3    ####...
 Fulminant Prism          Conj/Hex       #.........   100%        4    #####..
 Iskenderun's Mystic Bla  Conj/Tloc      #.......     100%        4    #####..


Dungeon Overview and Level Annotations

Branches:
Dungeon (12/15)            Temple (1/1) D:6            Lair (0/6) D:8
    Orc (0/2) D:10        Gauntlet (1/1)

Altars:
Cheibriados
Dithmenos
Elyvilon
Fedhas
Gozag
Hepliaklqana
Kikubaaqudgha
Makhleb
Nemelex Xobeh
Okawaru
Qazlal
Ru
Sif Muna
Vehumet
Wu Jian
Xom
Yredelemnul
Beogh

Shops:
D:7 }   D:9 =

Annotations:
D:9 Grum Gauntlet 7 transporters, 2 runed translucent doors, exclusion: orange crystal statue


Innate Abilities, Weirdness & Mutations

You reflexively headbutt those who attack you in melee.
You have a pair of horns on your head.


Message History

The bolt of lightning hits you!! x2
The bolt of lightning hits the blizzard demon.
The blizzard demon completely resists.
Your plate armour prevents you from hitting the blizzard demon.
You headbutt the blizzard demon.
The blizzard demon is heavily wounded.
You slash the blizzard demon!
Your headbutt misses the blizzard demon.
The blizzard demon is severely wounded.
The blizzard demon hits you but does no damage.
You block the blizzard demon's attack.
You hit the blizzard demon.
You headbutt the blizzard demon, but do no damage.
The blizzard demon is severely wounded.
The blizzard demon gestures at you. The bolt of lightning hits you!!!
* * * LOW HITPOINT WARNING * * *
The bolt of lightning hits you!!!
You die...
Your body crumbles into a pile of gold.

..###..5###..##.^##./#..###..#
..###.54###..#...©##[#..#....#
..#########..#########..#©...#
......................∩.#....#
........................#.....
#########..###########..#©...#
........#..#........##..#....#
.##.##..#..#..######©#..###..#
#..#..#.#..#.##.@2.###..≈# ..#
#.©#..#.####.#.####.##..## .#
.#####.©#©©#.##.©.##.#..≈#
#..#.^#.#####.####.#.#..##
#..#..#.#..###....##2#..§#
.##^##..#..#:######2.#..##
........#..#=.?......#.§§#
#########..###########..##
........................≈#


You could see a blizzard demon.

Vanquished Creatures
  2 two-headed ogres
  A tengu warrior (Gauntlet)
  A soul eater (Gauntlet)
  A cyclops (D:11)
  A manticore (D:11)
  2 ugly things
  Maggie (D:7)
  2 tengu conjurers (Gauntlet)
  2 queen bees
  2 trolls
  Grinder (D:5)
  A raiju (shapeshifter) (D:11)
  4 hippogriffs
  Sigmund (D:6)
  4 yaks (D:11)
  A water moccasin (D:9)
  3 sky beasts
  A black bear (D:6)
  6 orc warriors
  4 ice beasts
  A necrophage (D:6)
  2 phantoms (D:7)
  5 ogres
  3 wolves (D:8)
  2 centaurs
  A crocodile (D:10)
  2 big kobolds
  6 bullfrogs
  A gnoll sergeant (D:7)
  46 killer bees
  3 scorpions
  3 wights (D:12)
  7 howler monkeys
  5 crimson imps
  A bullfrog zombie (D:5)
  A quasit (D:12)
  3 hounds
  3 jellies
  15 orc priests
  11 orc wizards
  2 bullfrog skeletons
  2 centaur skeletons (D:12)
  3 iguanas
  16 worker ants
  A hound skeleton (D:10)
  Robin (D:2)
  4 gnolls
  12 adders
  10 shadow imps
  A white imp (Gauntlet)
  4 adder skeletons
  3 worms
  3 dart slugs
  6 leopard geckos
  72 orcs
  10 giant cockroaches
  13 goblins
  8 hobgoblins
  9 jackals
  17 kobolds
  7 quokkas
  4 bats
  5 frilled lizards
  A leopard gecko zombie (D:5)
  A quokka zombie (D:8)
  5 rats
382 creatures vanquished.

Vanquished Creatures (others)
  An unseen horror (D:11)
1 creature vanquished.

Grand Total: 383 creatures vanquished

Notes
Turn   | Place    | Note
-------+----------+-------------------------------------------
     0 | D:1      | hawla the Minotaur Gladiator began the quest for the Orb.
     0 | D:1      | Reached XP level 1. HP: 18/18 MP: 0/0
    97 | D:1      | Reached XP level 2. HP: 18/26 MP: 1/1
   536 | D:1      | Reached XP level 3. HP: 33/33 MP: 2/2
   860 | D:2      | Noticed Robin
   870 | D:2      | Reached skill level 5 in Fighting
   874 | D:2      | Killed Robin
   874 | D:2      | Reached XP level 4. HP: 37/42 MP: 3/3
  1146 | D:2      | Found a snail-covered altar of Cheibriados.
  1148 | D:2      | Found a stormy altar of Qazlal.
  1193 | D:2      | Found a sacrificial altar of Ru.
  1364 | D:2      | Found a blossoming altar of Fedhas.
  1578 | D:3      | Reached XP level 5. HP: 50/51 MP: 4/4
  2533 | D:3      | Found an ornate altar of the Wu Jian Council.
  2735 | D:4      | Reached skill level 4 in Axes
  2735 | D:4      | Reached XP level 6. HP: 29/60 MP: 5/5
  3199 | D:4      | Reached skill level 5 in Axes
  3330 | D:4      | Found a sand-covered staircase.
  3340 | D:4      | HP: 2/60 [ogre/+0 giant club (17)]
  3341 | D:4      | Reached skill level 6 in Axes
  4079 | D:5      | Entered Level 5 of the Dungeon
  4110 | D:5      | Found an iron altar of Okawaru.
  4169 | D:5      | Reached XP level 7. HP: 66/66 MP: 6/6
  4192 | D:5      | Reached skill level 7 in Axes
  4740 | D:5      | Reached skill level 8 in Axes
  4942 | D:5      | Reached skill level 9 in Axes
  4942 | D:5      | Reached XP level 8. HP: 26/73 MP: 7/7
  5428 | D:5      | Noticed Grinder
  5444 | D:5      | Paralysed by Grinder for 3 turns
  5455 | D:5      | Killed Grinder
  5455 | D:5      | Reached skill level 10 in Axes
  5595 | D:6      | Learned a level 2 spell: Blink
  5799 | D:6      | Found a staircase to the Ecumenical Temple.
  5804 | D:6      | Reached skill level 11 in Axes
  5944 | Temple   | Entered the Ecumenical Temple
  5966 | Temple   | Became a worshipper of Gozag Ym Sagoz the Greedy
  6003 | D:6      | Noticed Sigmund
  6029 | D:6      | Killed Sigmund
  6029 | D:6      | Reached skill level 12 in Axes
  6181 | D:6      | Reached XP level 9. HP: 72/79 MP: 8/8
  6360 | D:7      | Found Moox's Gadget Shop.
  6575 | D:6      | Found a sparkling altar of Nemelex Xobeh.
  6648 | D:6      | Reached skill level 13 in Axes
  6990 | D:7      | Bought a wand of flame (11) for 97 gold pieces
  6990 | D:7      | Bought a wand of flame (21) for 172 gold pieces
  7020 | D:7      | Found a shimmering altar of Xom.
  7306 | D:7      | Reached skill level 14 in Axes
  7606 | D:7      | Noticed Maggie
  7622 | D:7      | Killed Maggie
  8185 | D:7      | Bought a wand of acid (6) for 300 gold pieces
  8378 | D:8      | Reached skill level 1 in Armour
  8385 | D:8      | Found a staircase to the Lair.
  8506 | D:8      | Reached skill level 15 in Axes
  8506 | D:8      | Reached skill level 1 in Evocations
  8506 | D:8      | Reached XP level 10. HP: 73/86 MP: 9/9
  9285 | D:9      | Noticed Grum
  9471 | D:9      | Noticed a two-headed ogre
  9497 | D:8      | Killed a two-headed ogre
 10099 | D:8      | Reached skill level 5 in Dodging
 10378 | D:9      | Reached skill level 16 in Axes
 10437 | D:9      | Learned a level 1 spell: Apportation
 11030 | D:9      | Reached skill level 5 in Armour
 11030 | D:9      | Reached XP level 11. HP: 92/92 MP: 11/11
 11111 | D:9      | Found Kudgh's Jewellery Emporium.
 11185 | D:10     | Entered Level 10 of the Dungeon
 11341 | D:10     | Reached skill level 1 in Translocations
 11887 | D:9      | Bought the amulet "Uddunwim" {Reflect rN+ Str-3 Int+2 Dex+4
                  | SH+5} for 665 gold pieces
 12032 | D:10     | Found a staircase to the Orcish Mines.
 12035 | D:10     | Found a roughly hewn altar of Beogh.
 12959 | D:11     | Noticed a green ugly thing
 12971 | D:11     | Killed a green ugly thing
 13372 | D:11     | Reached skill level 1 in Spellcasting
 13379 | D:11     | Killed an unseen horror
 14141 | D:11     | Noticed a fire crab
 14142 | D:11     | a fire crab changed into a shapeshifter
 14633 | D:12     | Noticed a two-headed ogre
 14648 | D:12     | Killed a two-headed ogre
 14794 | D:12     | Noticed a purple ugly thing
 14815 | D:12     | Killed a purple ugly thing
 14815 | D:12     | Reached skill level 10 in Fighting
 14841 | D:12     | HP: 5/100 [poisoned by a killer bee]
 14846 | D:12     | HP: 4/100 [poisoned by a killer bee]
 14853 | D:12     | HP: 4/100 [poisoned by a killer bee]
 14861 | D:12     | HP: 4/100 [poisoned by a killer bee]
 15114 | D:12     | Found a gate leading to a gauntlet.
 15121 | Gauntlet | Entered a Gauntlet
 15121 | Gauntlet | Found a transporter.
 15121 | Gauntlet | Found a transporter.
 15121 | Gauntlet | Found a transporter.
 15121 | Gauntlet | Noticed a tengu warrior
 15229 | Gauntlet | Found a transporter.
 15232 | Gauntlet | Found a transporter.
 15235 | Gauntlet | Found a transporter.
 15239 | Gauntlet | Found a runed translucent door.
 15240 | Gauntlet | Noticed a soul eater
 15241 | Gauntlet | Found a runed translucent door.
 15242 | Gauntlet | Found a transporter.
 15243 | Gauntlet | Found a transporter.
 15244 | Gauntlet | Found a transporter.
 15246 | Gauntlet | Found a transporter.
 15249 | Gauntlet | Noticed an orange crystal statue
 15254 | Gauntlet | Found a transporter.
 15254 | Gauntlet | Found a transporter.
 15255 | Gauntlet | Found the +3 crown of Dyrovepreva {rElec Int+2 SInv}
 15356 | Gauntlet | Noticed a blizzard demon
 15453 | Gauntlet | Killed a tengu warrior
 15772 | Gauntlet | Killed a soul eater
 15772 | Gauntlet | Reached XP level 12. HP: 34/108 MP: 15/15
 16152 | Gauntlet | Killed from afar by a blizzard demon

Illustrated notes

Levels and vault maps discovered:
D:1:      elethiomel_arrival_shortcut, layout_loops_ring
D:2:      layout_rooms, nicolae_overflow_hidden_temple,
          lemuel_coloured_pillars_altar, minmay_pentomino_q2, uniq_robin
D:3:      layout_basic, lemuel_round_altar
D:4:      layout_cave_pods, nicolae_ossuary_entry_ruins
D:5:      minmay_chambers_of_threes, layout_basic, first_ration,
          okawaru_ov_weapons_minmay, uniq_grinder
D:6:      layout_rooms, nemelex_altar_shiori, minmay_temple_entry_mini_moons,
          uniq_sigmund
D:7:      layout_cave_pools, kennysheep_mini, serial_shops, shop,
          chequers_serial_rivers_marsh, uniq_maggie
D:8:      layout_basic, lair_entry_dummy
D:9:      layout_roguey [special_room_bee], serial_shops, nicolae_shop_stone,
          david_nohive_1, uniq_grum
D:10:     layout_long_grid, david_orc_5
D:11:     layout_basic, minivault_25_ag, hangedman_decor_riveting
D:12:     layout_rooms, gauntlet_entry_generic
Temple:   eino_narrow_crystal_temple
Gauntlet: minmay_gauntlet_mixed_big_or_small [gammafunk_gauntlet_arena_corners,
          minmay_gauntlet_arena_77_braids, nicolae_gauntlet_arena_quarters,
          minmay_gauntlet_arena_77_cramped, gammafunk_gauntlet_arena_spirals,
          minmay_gauntlet_arena_77_fan, gauntlet_exit_spiral]

Skill      XL: |  1  2  3  4  5  6  7  8  9 10 11 |
---------------+----------------------------------+-----
Fighting       | 3 4 5 6 7 10 | 10.8
Axes           | 4 6 9 12 15 16 | 16.0
Armour         | 1 5 |  5.0
Evocations     | 1 2 |  2.4
Dodging        | 6 |  6.8
Translocations | 4 |  4.6
Spellcasting   | 2 |  2.9
Throwing       | |  2.0

Action                   |  1- 3 |  4- 6 |  7- 9 | 10-12 || total
-------------------------+-------+-------+-------+-------++-------
Melee: War axe           |    46 |   143 |   324 |   633 ||  1146
       Headbutt          |     7 |    23 |    63 |   130 ||   223
Throw: Boomerang         |       |       |     9 |       ||     9
       Dart              |       |       |     5 |    17 ||    22
       Throwing net      |       |       |       |     3 ||     3
Invok: Potion Petition   |       |       |       |     1 ||     1
Evoke: Wand              |       |       |     1 |    12 ||    13
  Use: Scroll            |       |    11 |     1 |     8 ||    20
       Potion            |       |     2 |     4 |     4 ||    10
 Stab: Sleeping          |       |       |       |     1 ||     1
       Distracted        |       |       |       |     2 ||     2
  Eat: Chunk             |       |     7 |     6 |       ||    13
       Ration            |       |     1 |     2 |     8 ||    11
Armor: Leather armour    |     8 |       |       |       ||     8
       Scale mail        |     8 |    12 |       |       ||    20
       Chain mail        |       |    54 |     4 |       ||    58
       Plate armour      |       |       |   120 |   251 ||   371
       Steam dragon scal |       |       |    13 |    17 ||    30
       Skin              |       |       |       |     6 ||     6
Dodge: Dodged            |    44 |    63 |   112 |   269 ||   488
Block: Other             |       |       |    49 |   139 ||   188
       Reflection        |       |       |     2 |     1 ||     3
